 Dungeon Crawl Stone Soup version 0.28-a0-1560-g060a6a1bfc (webtiles) character file.

Game seed: 7672533131053696761

404 Nattfarinn the Chopper (level 6, -1/57 HPs)
             Began as a Hill Orc Fighter on Jan 19, 2022.
             Succumbed to a water moccasin's poison
             ... on level 5 of the Dungeon.
             The game lasted 00:03:40 (3393 turns).

Nattfarinn the Chopper (Hill Orc Fighter)           Turns: 3393, Time: 00:03:40

Health: -1/57      AC:  8    Str: 21    XL:     6   Next: 86%
Magic:  6/6        EV:  9    Int:  8    God:
Gold:   82         SH:  4    Dex: 10    Spells: 5/5 levels left

rFire   . . .      SeeInvis .   a - +0 war axe
rCold   . . .      Faith    .   c - +0 buckler
rNeg    . . .      Spirit   .   b - +0 scale mail
rPois   .          Reflect  .   r - +0 helmet
rElec   .          Harm     .   (no cloak)
rCorr   .          Rampage  .   (no gloves)
Will    .....                   (no boots)
Stlth   ..........              (no amulet)
HPRegen 0.19/turn               (no ring)
MPRegen 0.10/turn               (no ring)

@: lethally poisoned (-1 -> -20)
A: no striking features
a: Convert to Beogh


You were on level 5 of the Dungeon.
You visited 2 branches of the dungeon, and saw 6 of its levels.

You collected 82 gold pieces.

Inventory:

Hand Weapons
 a - a +0 war axe (weapon)
Armour
 b - a +0 scale mail (worn)
 c - a +0 buckler (worn)
 r - a +0 helmet (worn)
Jewellery
 l - a ring of positive energy
Wands
 o - a wand of acid (12)
 w - a wand of mindburst (14)
 x - a wand of digging (5)
Scrolls
 e - 2 scrolls of fog {unknown}
 g - a scroll of silence {unknown}
 i - a scroll of enchant armour {unknown}
 j - a scroll of amnesia
 k - a scroll of immolation {unknown}
 s - a scroll of brand weapon {unknown}
 t - a scroll of identify
 u - 2 scrolls of teleportation {unknown}
Potions
 f - a potion of ambrosia {unknown}
 h - a potion of lignification {unknown}
 m - a potion of magic
 n - 2 potions of cancellation
 p - 2 potions of heal wounds {unknown}
 q - a potion of attraction {unknown}
 v - a potion of curing {unknown}


   Skills:
 + Level 5.9 Fighting
 * Level 7.8 Axes
 - Level 3.2 Armour
 - Level 3.2 Shields


You had 5 spell levels left.
You didn't know any spells.
Your spell library contained the following spells:

 Spells                   Type           Power      Damage    Failure   Level
 Summon Small Mammal      Summ           0%         N/A       83%         1
 Corpse Rot               Necr/Air       0%         N/A       93%         2
 Sublimation of Blood     Necr           0%         N/A       93%         2
 Wereblood                Tmut           0%         N/A       93%         2
 Call Canine Familiar     Summ           0%         N/A       99%         3
 Summon Guardian Golem    Hex/Summ       0%         N/A       99%         3
 Dispel Undead            Necr           0%         3d6       100%        4
 Death Channel            Necr           0%         N/A       100%        6
 Summon Hydra             Summ           0%         N/A       100%        7


Dungeon Overview and Level Annotations

Branches:
Dungeon (4/15)             Temple (1/1) D:4

Altars:
Ashenzari
Cheibriados
Elyvilon
Fedhas
Gozag
Hepliaklqana
Nemelex Xobeh
Qazlal
Ru
Sif Muna
Vehumet
Wu Jian
Xom
Yredelemnul


Message History

You feel very sick. The water moccasin bites you. x2
Unknown command.
Unknown command.
You miss the water moccasin.
The water moccasin is heavily wounded.
You completely miss the orc. You slash the centaur skeleton!
You feel sick.
The orc priest threatens, "By the altar or by the axe, you will meet Beogh!"
The water moccasin bites you.
You are more poisoned.
The water moccasin poisons you! The orc barely misses you.
The water moccasin bites you.
You are lethally poisoned!
The water moccasin poisons you!
Unknown command.
You closely miss the water moccasin.
The water moccasin is heavily wounded.
You hit the orc. x2
You feel extremely sick.
The orc priest begins to cast a cantrip, but forgets the words!
You block the orc's attack. The water moccasin bites you. The orc misses you.
Unknown command.
Unknown command.
The orc priest threatens, "By the altar or by the axe, you will meet Beogh!"
You slash the water moccasin!
You kill the water moccasin!
The orc priest threatens, "By the altar or by the axe, you will meet Beogh!"
You hit the orc but do no damage. You slash the orc!
You kill the orc!
You hit the hound skeleton.
* * * LOW HITPOINT WARNING * * *
You feel very sick. The hound skeleton barely misses you.
The orc priest calls down the wrath of Beogh upon you.
Beogh smites you!
* * * LOW HITPOINT WARNING * * *
The hound skeleton closely misses you.
Unknown command.
It was a potion of magic.
Magic courses through your body.
You die...

##....†......##
##............######
..
##.................
...
########.##.#....##
.... #..#.......##..
##.............
#.##.......#
#.##.......# .
#..##.).@)## ...
##.##..ZZW##....
.#......oo....
.#......os....
.#.......#....
#..#......#....
##.............
###...........
#...........


You could see a phantom, a scorpion, an orc priest, 2 orcs, a hound skeleton and
a centaur skeleton.

Vanquished Creatures
  A water moccasin (D:5)
  An ogre (D:5)
  A necrophage (D:4)
  6 adders
  An adder zombie (D:4)
  2 worms
  2 dart slugs
  4 orcs
  4 ball pythons
  2 endoplasms
  A giant cockroach (D:2)
  A goblin (D:2)
  6 hobgoblins
  3 jackals (D:4)
  10 kobolds
  5 bats
  A frilled lizard (D:3)
  9 rats
60 creatures vanquished.

Notes
Turn   | Place    | Note
-------+----------+-------------------------------------------
     0 | D:1      | Nattfarinn the Hill Orc Fighter began the quest for the
                  | Orb.
     0 | D:1      | Reached XP level 1. HP: 19/19 MP: 1/1
    57 | D:1      | Reached skill level 3 in Axes
   117 | D:1      | Reached XP level 2. HP: 26/27 MP: 2/2
   426 | D:1      | Found a faded altar of an unknown god.
   462 | D:1      | Reached skill level 4 in Axes
   603 | D:1      | Reached XP level 3. HP: 29/33 MP: 3/3
  1705 | D:2      | Reached XP level 4. HP: 41/41 MP: 4/4
  1922 | D:3      | Reached skill level 5 in Axes
  2808 | D:4      | Found a staircase to the Ecumenical Temple.
  2813 | Temple   | Entered the Ecumenical Temple
  2925 | D:4      | Noticed a necrophage
  2932 | D:4      | Killed a necrophage
  2933 | D:4      | Reached skill level 5 in Fighting
  2933 | D:4      | Reached skill level 6 in Axes
  2933 | D:4      | Reached XP level 5. HP: 48/48 MP: 5/5
  3140 | D:4      | You fall into a shaft and drop 1 floor!
  3140 | D:5      | Entered Level 5 of the Dungeon
  3173 | D:5      | Noticed an ogre
  3179 | D:5      | Killed an ogre
  3180 | D:5      | Reached skill level 7 in Axes
  3180 | D:5      | Reached XP level 6. HP: 26/56 MP: 6/6
  3379 | D:5      | Noticed a water moccasin
  3392 | D:5      | Killed a water moccasin
  3393 | D:5      | Succumbed to a water moccasin's poison

Illustrated notes

Levels and vault maps discovered:
D:1:      dpeg_arrival_lava_temple_mockup, layout_loops_ring,
          hellmonk_ecumenical_altar_leap_of_faith, minmay_misc_feat_chi
D:2:      layout_basic
D:3:      layout_loops_cross
D:4:      layout_loops_corners, mainiacjoe_overflow_brackets, temple_doors_e,
          kennysheep_generic_room_8
D:5:      layout_rooms, serial_curves, eino_curves_01, eino_curves_03,
          kennysheep_path_1
Temple:   zaba_magenta_temple

Skill      XL: |  1  2  3  4  5 |
---------------+----------------+-----
Axes           | 3 4 6 7 |  7.8
Fighting       | 4 5 |  5.9
Armour         | |  3.2
Shields        | |  3.2

Action                   |  1- 3 |  4- 6 || total
-------------------------+-------+-------++-------
Melee: War axe           |   108 |    76 ||   184
  Use: Scroll            |       |     3 ||     3
       Potion            |       |     3 ||     3
Armor: Scale mail        |    49 |    29 ||    78
Dodge: Dodged            |    39 |    35 ||    74
Block: Buckler           |    22 |    16 ||    38

Table legend: (Time is in decaauts)
 A = Elapsed time spent in this place.
 B = Non-inter-level travel time spent in this place.
 C = Inter-level travel time spent in this place.
 D = Time resting spent in this place.
 E = Time spent auto-exploring this place.
 F = Levels seen in this place.
 G = Mean time per level.
                   A        B        C        D        E       F      G
               +--------+--------+--------+--------+--------+-----+--------+
         Total |   3448 |   3254 |    194 |    164 |   2623 |   6 |  574.7 |
       Dungeon |   3344 |   3195 |    149 |    164 |   2570 |   5 |  668.8 |
        Temple |    103 |     58 |     45 |      0 |     53 |   1 |  103.0 |
               +--------+--------+--------+--------+--------+-----+--------+

Top non-repeatable levels by time:
     D:1: 1050 daAuts
     D:2: 900 daAuts
     D:3: 668 daAuts
     D:4: 468 daAuts
     D:5: 256 daAuts
  Temple: 103 daAuts
